 Dungeon Crawl Stone Soup version 0.18-b1-14-g029dad2 (webtiles) character file.

13692 Sinerlol the Fighter (level 11, -9/102 HPs)
             Began as a Minotaur Berserker on Apr 30, 2016.
             Was a High Priest of Trog.
             Mangled by a nine-headed hydra (11 damage)
             ... on level 11 of the Dungeon.
             The game lasted 01:40:47 (12939 turns).

Sinerlol the Fighter (Minotaur Berserker)          Turns: 12939, Time: 01:40:47

Health: -9/102     AC: 13    Str: 23    XL:     11   Next: 78%
Magic:  0/10       EV: 13    Int:  4    God:    Trog [*****.]
Gold:   620        SH:  3    Dex: 12    Spells: 0 memorised, 10 levels left

rFire  + . .     SeeInvis .     m - +3 battleaxe (chop)
rCold  . . .     Gourm    .     r - +3 chain mail {rN+}
rNeg   + . .     Faith    .     (shield currently unavailable)
rPois  .         Spirit   +     y - +0 hat {Spirit}
rElec  .         Dismiss  .     (no cloak)
rCorr  .         Reflect  +     (no gloves)
SustAt .         Harm     .     (no boots)
MR     .....                    u - +3 amulet of reflection
Stlth  ..........               (no ring)
                                g - +3 ring of protection

@: exhausted, slowed, very slow, not resistant to hostile enchantments,
extremely unstealthy
A: retaliatory headbutt, horns 2, deformed body, fire resistance 1, regeneration
1
a: Berserk, Trog's Hand, Brothers in Arms, Burn Spellbooks, Renounce Religion


You were on level 11 of the Dungeon.
You worshipped Trog.
Trog was extremely pleased with you.
You were very full.

You visited 2 branches of the dungeon, and saw 12 of its levels.

You collected 649 gold pieces.
You spent 29 gold pieces at shops.

Inventory:

Hand Weapons
 m - a +3 battleaxe of chopping (weapon)
 s - a +0 giant club
 D - a +2 broad axe of chaos
Missiles
 d - 5 exploding tomahawks
 h - 7 tomahawks (quivered)
Armour
 a - a +0 large shield
 f - a +0 shield
 r - a +3 chain mail of positive energy (worn)
 y - a +0 hat of spirit shield (worn)
Jewellery
 g - a +3 ring of protection (left hand)
 u - a +3 amulet of reflection (around neck)
Wands
 i - a wand of flame (20/48)
 x - a wand of flame (16/48)
 z - a wand of iceblast (6/15)
Scrolls
 c - 2 scrolls of amnesia
 e - 5 scrolls of remove curse
 j - a scroll of fear
 n - 8 scrolls of identify
 E - a scroll of vulnerability
Potions
 k - 2 potions of mutation
 l - 3 potions of magic
 o - 2 potions of might
 q - a potion of agility
 B - 2 potions of heal wounds
 C - a potion of flight
Books
 J - a Fen Folio

   Spells                             Type                      Level
   a - Corpse Rot                     Necromancy                   2
   b - Stone Arrow                    Conjuration/Earth            3
   c - Leda's Liquefaction            Hexes/Earth                  4
   d - Summon Forest                  Summoning/Translocation      5
   e - Hydra Form                     Transmutation                6
   f - Summon Hydra                   Summoning                    7
   Trog disapproves of the use of such an item.
Comestibles
 b - 9 chunks of flesh
 t - 2 bread rations
 v - 6 beef jerkies
 w - a royal jelly
 H - a slice of pizza


   Skills:
 + Level 11.4 Fighting
 + Level 11.2 Axes
 + Level 10.6 Armour
 + Level 10.1 Dodging
 - Level 8.1 Shields


You had 10 spell levels left.
You didn't know any spells.

Dungeon Overview and Level Annotations

Branches:
Dungeon (11/15)            Temple (1/1) D:6             Orc (0/2) D:10
   Lair: D:8-11

Altars:
Ashenzari
Cheibriados
Dithmenos
Elyvilon
Fedhas
Gozag
Kikubaaqudgha
Makhleb
Nemelex Xobeh
Okawaru
Pakellas
Qazlal
Ru
Sif Muna
Trog
Vehumet
Xom
Yredelemnul
Zin
The Shining One

Shops:
D:7 :   D:10 *

Portals:
Trove: D:10 (give +3 ice dragon armour)


Innate Abilities, Weirdness & Mutations

You reflexively headbutt those who attack you in melee.
You have a pair of horns on your head.
Armour fits poorly on your strangely shaped body.
Your flesh is heat resistant.
Your natural rate of healing is unusually fast.


Message History

You are no longer berserk.
You are exhausted.
You feel yourself slow down.
There is an open door here.
You feel better. The nine-headed hydra bites you.
* * * LOW HITPOINT WARNING * * *
The nine-headed hydra bites you.
* * * LOW HITPOINT WARNING * * *
The nine-headed hydra misses you.
The nine-headed hydra bites you but does no damage. x2
The nine-headed hydra closely misses you.
The nine-headed hydra bites you.
* * * LOW HITPOINT WARNING * * *
The nine-headed hydra misses you. x2; The nine-headed hydra bites you.
* * * LOW HITPOINT WARNING * * *
The nine-headed hydra bites you!
* * * LOW HITPOINT WARNING * * *
The nine-headed hydra bites you but does no damage. x4
The nine-headed hydra bites you!
You die...

....... #.########+###
###.....####............#
..D.......#.#...........#
.........<#.+...........#
..........###...........#
..........# #............
..........# #...........#
#######)### ####D########
####.).# #@## #....###
#..# ##)###### ##'###
........# #....#
........########....#
........#......'....#
........'.######....+
........### #....#
#'####### ##'###


You could see a nine-headed hydra.

Vanquished Creatures
  Gastronok (D:8)
  A centaur warrior (D:10)
  Erolcha (D:8)
  2 hill giants (D:11)
  Pikel (D:8)
  A centaur zombie (D:11)
  A komodo dragon (D:11)
  A troll (D:11)
  A wyvern (D:8)
  Eustachio (D:4)
  Grum (D:11)
  2 hippogriffs (D:7)
  3 hungry ghosts
  The ghost of ThereIsNoGod the Insei, an amateur DsGl (D:3)
  3 wargs (D:11)
  A water moccasin (D:5)
  A black bear (D:3)
  4 ice beasts
  A slave (D:8)
  A wasp (D:10)
  2 necrophages
  3 orc warriors
  A phantom (D:10)
  4 wolves (D:11)
  6 ogres
  6 centaurs
  Blork the orc (D:4)
  6 giant frogs
  2 big kobolds
  A gnoll shaman (D:8)
  3 scorpions
  A water moccasin zombie (D:8)
  2 wyvern skeletons
  A troll zombie (D:10)
  14 killer bees
  4 wights (D:7)
  4 crimson imps
  11 howler monkeys
  7 hounds
  2 giant frog zombies
  A wasp zombie (D:10)
  6 jellies
  5 orc priests
  A giant frog skeleton (D:7)
  2 centaur skeletons
  Jessica (D:3)
  3 iguanas
  Natasha (thrice) (D:3)
  8 orc wizards
  7 worker ants
  Terence (D:3)
  5 ogre zombies (D:10)
  3 hound skeletons
  A worker ant zombie (D:3)
  Robin (D:4)
  8 gnolls (D:8)
  A howler monkey skeleton (D:7)
  6 adders
  2 shadow imps
  An adder zombie (D:5)
  4 adder skeletons
  10 worms
  7 dart slugs (D:1)
  6 giant geckos
  36 orcs
  4 ball pythons
  10 bats
  4 giant cockroaches
  31 goblins
  13 hobgoblins
  7 jackals
  8 quokkas
  A giant gecko zombie (D:5)
  3 giant newts
  2 goblin skeletons (D:10)
  2 goblin zombies (D:10)
  A hobgoblin skeleton (D:10)
  A jackal skeleton (D:4)
  A jackal zombie (D:5)
  25 kobolds
  2 orc skeletons (D:10)
  10 orc zombies (D:10)
  A quokka skeleton (D:8)
  11 rats
  A bush (D:1)
  8 plants
385 creatures vanquished.

Vanquished Creatures (others)
  A slave (D:8)
  An orc priest (D:8)
  An orc wizard (D:8)
  A gnoll (D:8)
  2 orcs (D:8)
  A jackal skeleton (D:8)
7 creatures vanquished.

Grand Total: 392 creatures vanquished

Notes
Turn   | Place    | Note
--------------------------------------------------------------
     0 | D:1      | Sinerlol the Minotaur Berserker began the quest for the Orb.
     0 | D:1      | Reached XP level 1. HP: 19/19 MP: 0/0
   376 | D:1      | Reached XP level 2. HP: 27/27 MP: 1/1
  1012 | D:1      | Reached XP level 3. HP: 33/33 MP: 2/2
  1413 | D:1      | Reached ** piety under Trog
  2150 | D:2      | Reached XP level 4. HP: 41/41 MP: 3/3
  2593 | D:2      | Reached *** piety under Trog
  3111 | D:3      | Noticed ThereIsNoGod's ghost (amateur DsGl)
  3119 | D:3      | Killed ThereIsNoGod's ghost
  3119 | D:3      | Reached skill level 5 in Fighting
  3119 | D:3      | Reached skill level 5 in Axes
  3119 | D:3      | Reached XP level 5. HP: 22/48 MP: 4/4
  3491 | D:3      | Noticed a black bear
  3510 | D:3      | Killed a black bear
  3510 | D:3      | Reached XP level 6. HP: 23/56 MP: 5/5
  3899 | D:3      | Noticed Natasha
  3920 | D:3      | Killed Natasha
  3968 | D:3      | Noticed Jessica
  3977 | D:3      | Killed Jessica
  4386 | D:3      | Noticed Terence
  4396 | D:3      | Killed Terence
  4644 | D:3      | Found a shadowy altar of Dithmenos.
  4650 | D:3      | Found a shattered altar of Ashenzari.
  4650 | D:3      | Found a blossoming altar of Fedhas.
  4651 | D:3      | Found a radiant altar of Vehumet.
  4658 | D:3      | Found a sacrificial altar of Ru.
  4800 | D:3      | Noticed Natasha
  4804 | D:3      | Killed Natasha
  4804 | D:3      | Reached XP level 7. HP: 59/63 MP: 6/6
  4827 | D:3      | Reached **** piety under Trog
  4857 | D:3      | Noticed Natasha
  4863 | D:3      | Killed Natasha
  4994 | D:4      | Noticed Robin
  5086 | D:4      | Killed Robin
  5086 | D:4      | Reached skill level 5 in Armour
  5308 | D:4      | Noticed Blork the orc
  5318 | D:4      | Killed Blork the orc
  5318 | D:4      | Reached skill level 5 in Dodging
  5540 | D:4      | Noticed Eustachio
  5564 | D:4      | Killed Eustachio
  5564 | D:4      | Reached XP level 8. HP: 31/71 MP: 7/7
  6108 | D:5      | Entered Level 5 of the Dungeon
  6123 | D:5      | Reached skill level 1 in Shields
  6730 | D:5      | Reached ***** piety under Trog
  7304 | D:5      | Reached XP level 9. HP: 67/80 MP: 8/8
  7882 | D:6      | Found a staircase to the Ecumenical Temple.
  8056 | Temple   | Entered the Ecumenical Temple
  8260 | D:7      | Found Eclot Roeru's Book Shop.
  9108 | D:7      | Received a gift from Trog
  9108 | D:7      | Reached skill level 5 in Shields
  9324 | D:7      | Gained mutation: Armour fits poorly on your strangely shaped body. [potion of mutation]
  9324 | D:7      | Gained mutation: Your natural rate of healing is unusually fast. [potion of mutation]
  9324 | D:7      | Gained mutation: Your flesh is heat resistant. [potion of mutation]
  9497 | D:8      | Noticed Erolcha
  9523 | D:8      | Killed Erolcha
  9523 | D:8      | Reached XP level 10. HP: 84/90 MP: 3/9
  9589 | D:8      | Noticed Gastronok
  9623 | D:8      | Killed Gastronok
 10126 | D:8      | Reached skill level 10 in Fighting
 10128 | D:8      | Noticed Pikel
 10131 | D:8      | Reached skill level 10 in Axes
 10166 | D:8      | Killed Pikel
 10291 | D:8      | Found a snail-covered altar of Cheibriados.
 10419 | D:8      | Found a shimmering altar of Xom.
 10951 | D:9      | Reached XP level 11. HP: 97/99 MP: 3/10
 11902 | D:10     | Entered Level 10 of the Dungeon
 11902 | D:10     | Noticed a centaur warrior
 11909 | D:10     | Killed a centaur warrior
 11975 | D:10     | Found a staircase to the Orcish Mines.
 11996 | D:10     | Paralysed by fainting for 6 turns
 12327 | D:10     | Received a gift from Trog
 12335 | D:10     | Found Uckanil's Assorted Antiques.
 12394 | D:10     | Bought a scroll labeled XISUHO DYZXIOC for 29 gold pieces
 12490 | D:10     | Found a portal to a secret trove of treasure.
 12501 | D:11     | Noticed a hill giant
 12508 | D:11     | Killed a hill giant
 12576 | D:11     | Reached skill level 10 in Armour
 12651 | D:11     | Noticed Grum
 12671 | D:11     | Killed Grum
 12788 | D:11     | Noticed a hill giant
 12792 | D:11     | Killed a hill giant
 12813 | D:11     | Reached skill level 10 in Dodging
 12877 | D:11     | Noticed a six-headed hydra
 12939 | D:11     | HP: 2/102 [nine-headed hydra (9)]
 12939 | D:11     | Mangled by a nine-headed hydra

Skill      XL: |  1  2  3  4  5  6  7  8  9 10 11 |
---------------+----------------------------------+-----
Axes           | 4 5 6 7 9 10 11 | 11.2
Fighting       | 4 5 6 7 9 10 11 | 11.4
Dodging        | 3 4 5 6 7 9 10 | 10.1
Armour         | 4 5 6 8 9 10 | 10.6
Shields        | 3 5 7 8 |  8.1

Action                   |  1- 3 |  4- 6 |  7- 9 | 10-12 || total
-------------------------+-------+-------+-------+-------++-------
Melee: Hand axe          |   185 |    43 |   258 |       ||   486
       Headbutt          |    54 |    29 |    66 |    88 ||   237
       Spear             |       |    68 |       |       ||    68
       Dagger            |       |    41 |       |       ||    41
       Flail             |       |    15 |    20 |       ||    35
       Broad axe         |       |       |    40 |   281 ||   321
       Battleaxe         |       |       |       |   116 ||   116
Throw: Tomahawk          |       |       |       |     3 ||     3
Invok: Berserk           |     1 |     2 |     3 |     4 ||    10
  Use: Scroll            |     5 |     2 |    10 |     7 ||    24
       Potion            |       |     7 |     7 |     2 ||    16
 Stab: Distracted        |       |     1 |       |       ||     1
       Sleeping          |       |     1 |       |       ||     1
  Eat: Bread ration      |     1 |     1 |       |     5 ||     7
       Chunk             |     1 |     6 |     7 |     3 ||    17
       Meat ration       |       |       |     3 |     1 ||     4
       Pizza             |       |       |     1 |       ||     1
       Beef jerky        |       |       |       |     1 ||     1
Armor: Animal skin       |     2 |       |       |       ||     2
       Leather armour    |    18 |    33 |    31 |       ||    82
       Scale mail        |       |     2 |    58 |       ||    60
       Chain mail        |       |       |    40 |   151 ||   191
Dodge: Dodged            |    43 |    94 |   202 |   160 ||   499
Block: Large shield      |       |       |    52 |   192 ||   244
       Reflection        |       |       |     1 |    15 ||    16
       Shield            |       |       |       |    71 ||    71
       Other             |       |       |       |    17 ||    17
